 Dungeon Crawl Stone Soup version 0.24-a0-218-ga595e75 (webtiles) character file.

Game seed: 12697371503177420557

137 Azzok the Firebug (level 5, -22/31 HPs)
             Began as an Octopode Fire Elementalist on Mar 30, 2019.
             Annihilated by an ogre
             ... wielding a +0 giant spiked club
              (24 damage)
             ... on level 4 of the Dungeon.
             The game lasted 00:04:38 (3639 turns).

Azzok the Firebug (Octopode Fire Elementalist)      Turns: 3639, Time: 00:04:39

Health: -22/31     AC:  1    Str:  7    XL:     5   Next: 20%
Magic:  3/9        EV: 13    Int: 19    God:
Gold:   172        SH:  0    Dex: 12    Spells: 9/10 levels left

rFire    . . .     SeeInvis .   f - +0 dagger (venom)
rCold    . . .     Gourm    .   (no shield)
rNeg     . . .     Faith    .   (helmet restricted)
rPois    .         Spirit   .   (no amulet)
rElec    .         Reflect  .   (no ring)
rCorr    .         Harm     .   (no ring)
MR       .....                  (no ring)
Stlth    +++.......             (no ring)
HPRegen  0.10/turn              (no ring)
MPRegen  0.11/turn              (no ring)
                                (no ring)
                                (no ring)

@: no status effects
A: almost no armour, stealthy swim, amphibious, 8 rings, constrict 8, camouflage
1, gelatinous body 1
a: no special abilities


You were on level 4 of the Dungeon.
You were not hungry.

You visited 1 branch of the dungeon, and saw 4 of its levels.

You collected 172 gold pieces.

Inventory:

Hand Weapons
 f - a +0 dagger of venom (weapon)
Scrolls
 a - 5 scrolls of identify {unknown}
 c - a scroll of enchant weapon {unknown}
 g - 2 scrolls of magic mapping {unknown}
 i - 2 scrolls of remove curse
 k - a scroll of blinking {unknown}
 l - 3 scrolls of noise {unknown}
 o - a scroll of random uselessness {unknown}
 q - a scroll of amnesia {unknown}
Potions
 d - 4 potions of curing {unknown}
 e - 2 potions of cancellation {unknown}
 h - a potion of might {unknown}
 j - a potion of haste {unknown}
 m - a potion of magic {unknown}
 n - a potion of flight {unknown}
Comestibles
 b - 8 rations
 p - a chunk of flesh


   Skills:
 - Level 2.0 Dodging
 - Level 2.6 Stealth
 + Level 3.2 Spellcasting
 + Level 2.8 Conjurations
 + Level 4.0 Fire Magic


You had 9 spell levels left.
You knew the following spells:

 Your Spells              Type           Power        Failure   Level  Hunger
a - Flame Tongue          Conj/Fire      ###..        3%          1    None

Your spell library contained the following spells:

 Spells                   Type           Power        Failure   Level  Hunger
 Throw Flame              Conj/Fire      ###...       5%          2    ##.....
 Conjure Flame            Conj/Fire      ###.....     11%         3    ###....
 Inner Flame              Hex/Fire       ##......     19%         3    ###....
 Sticky Flame             Conj/Fire      ###.....     34%         4    ####...
 Fireball                 Conj/Fire      ###.......   69%         5    ######.


Dungeon Overview and Level Annotations

Branches:
Dungeon (4/15)
 Temple: D:4-7

Altars:
Fedhas
Nemelex Xobeh
Okawaru
Trog
Yredelemnul
The Shining One


Innate Abilities, Weirdness & Mutations

You cannot wear most types of armour.
You are very stealthy in the water. (Stealth+)
You are amphibious.
You can wear up to eight rings at the same time.
You can use your tentacles to constrict eight enemies at once.
Your skin changes colour to match your surroundings (Stealth+).
Your rubbery body absorbs attacks. (AC +1, EV +1)


Message History

Ouch! That really hurt!
* * * LOW HITPOINT WARNING * * *
Casting: Flame Tongue (safe; 3% risk of failure)
Confirm with . or Enter, or press ? or * to list all spells.
Aiming: Flame Tongue (safe; 3% risk of failure)
Press: ? - help, Shift-Dir - straight line, f/p - ogre
Aim: an ogre, wielding a +0 giant spiked club (severely wounded)
The flame tongue hits the ogre but does no damage.
The ogre is severely wounded.
The ogre closely misses you.
Casting: Flame Tongue (safe; 3% risk of failure)
Confirm with . or Enter, or press ? or * to list all spells.
Aiming: Flame Tongue (safe; 3% risk of failure)
Press: ? - help, Shift-Dir - straight line, f/p - ogre
Aim: an ogre, wielding a +0 giant spiked club (severely wounded)
The flame tongue hits the ogre.
The ogre is severely wounded.
The ogre hits you with a +0 giant spiked club!!
Ouch! That really hurt!
You die...

········▒ ········▒
·?······▒ ▒······▒
▒▒▒▒▒▒▒▒ ▒▒····(·▒
▒··▒▒··▒
········▒▒▒▒▒▒······▒▒
········▒▒··▒▒·······▒
······O@········▒▒··▒▒
▒···············▒▒▒··▒▒▒
▒···▒▒··▒▒···········▒··
▒·▒ ▒▒▒▒▒··············
▒ ▒···········▒···
▒···········▒···
▒▒▒▒▒▒··▒▒··▒▒▒▒
▒··▒▒··▒ ▒··▒(···


You could see an ogre.

Vanquished Creatures
  5 adders
  An ooze (D:3)
  An adder zombie (D:4)
  2 worms (D:2)
  5 dart slugs
  2 leopard geckos
  An orc (D:3)
  A ball python (D:1)
  7 giant cockroaches
  6 goblins
  9 hobgoblins
  6 kobolds
  5 bats
  11 frilled lizards
  5 rats
67 creatures vanquished.

Notes
Turn   | Place    | Note
-------+----------+-------------------------------------------
     0 | D:1      | Azzok the Octopode Fire Elementalist began the quest for
                  | the Orb.
     0 | D:1      | Reached XP level 1. HP: 11/11 MP: 3/3
   431 | D:1      | Reached XP level 2. HP: 17/17 MP: 0/5
  1324 | D:1      | Reached XP level 3. HP: 14/21 MP: 0/6
  2092 | D:2      | Reached XP level 4. HP: 23/27 MP: 5/8
  2534 | D:2      | Found an iron altar of Okawaru.
  3001 | D:3      | Found a blossoming altar of Fedhas.
  3164 | D:3      | Reached skill level 4 in Fire Magic
  3189 | D:3      | Reached XP level 5. HP: 31/31 MP: 4/9
  3367 | D:3      | Found a sparkling altar of Nemelex Xobeh.
  3409 | D:3      | Found a basalt altar of Yredelemnul.
  3412 | D:3      | Found a bloodstained altar of Trog.
  3415 | D:3      | Found a glowing golden altar of the Shining One.
  3470 | D:3      | Found a faded altar of an unknown god.
  3631 | D:4      | Noticed an ogre
  3639 | D:4      | Annihilated by an ogre

Levels and vault maps discovered:
D:1:      giann_horns, layout_basic, minmay_lizard_king
D:2:      layout_basic, okawaru_trees_1
D:3:      layout_rooms, grunt_temple_overflow_cloverleaf,
          chequers_ecumenical_altar_lobes, st_stairs_9, fedhas_altar_2
D:4:      layout_gridville, minmay_temple_entry_tees, first_ration,
          uniq_menkaure

Skill      XL: |  1  2  3  4 |
---------------+-------------+-----
Conjurations   | 2 |  2.8
Spellcasting   | 3 |  3.2
Fire Magic     | 4 |  4.0
Dodging        | |  2.0
Stealth        | |  2.6

Action                   |  1- 3 |  4- 6 || total
-------------------------+-------+-------++-------
Melee: Unarmed           |    29 |     1 ||    30
       Constrict         |    11 |     5 ||    16
       Tentacles         |     4 |     3 ||     7
       Dagger            |       |    16 ||    16
 Cast: Flame Tongue      |    60 |    56 ||   116
  Use: Scroll            |     1 |       ||     1
 Stab: Sleeping          |     1 |     4 ||     5
  Eat: Chunk             |     4 |     5 ||     9
Armor: Skin              |     4 |     1 ||     5
Dodge: Dodged            |    41 |    26 ||    67

Table legend:
 A = Non-vault XP
 B = Vault XP
 C = Vault XP percentage of total XP
 D = Non-vault monster count
 E = Vault monster count
 F = Vault count percentage of total count
                 A         B        C        D         E       F
            +---------+---------+-------+---------+---------+-------
      Total |     179 |      17 |   8.7 |      55 |      12 |  17.9
            +---------+---------+-------+---------+---------+-------
        D:1 |      31 |      12 |  27.9 |      15 |      10 |  40.0
        D:2 |      80 |       0 |   0.0 |      21 |       0 |   0.0
        D:3 |      59 |       5 |   7.8 |      17 |       2 |  10.5
        D:4 |       9 |       0 |   0.0 |       2 |       0 |   0.0
            +---------+---------+-------+---------+---------+-------
